 Dungeon Crawl Stone Soup version 0.24-a0-408-gcc1054c (webtiles) character file.

Game seed: 12976579169346234637

53 Darkshadow the Skirmisher (level 3, -1/33 HPs)
             Began as a Hill Orc Fighter on June 5, 2019.
             Killed by nerve-wracking pain
             ... invoked by Jessica
              (2 damage)
             ... on level 2 of the Dungeon.
             The game lasted 00:01:46 (1194 turns).

Darkshadow the Skirmisher (Hill Orc Fighter)        Turns: 1194, Time: 00:01:47

Health: -1/33      AC:  6    Str: 18    XL:     3   Next: 87%
Magic:  3/3        EV:  6    Int:  8    God:
Gold:   58         SH:  8    Dex: 11    Spells: 2/2 levels left

rFire    . . .     SeeInvis .   a - +0 war axe
rCold    . . .     Gourm    .   c - +0 shield
rNeg     . . .     Faith    .   b - +0 scale mail
rPois    .         Spirit   .   (no helmet)
rElec    .         Reflect  .   (no cloak)
rCorr    .         Harm     .   (no gloves)
MR       .....                  (no boots)
Stlth    ..........             (no amulet)
HPRegen  0.11/turn              (no ring)
MPRegen  0.08/turn              (no ring)

@: heavily drained
A: no striking features
a: no special abilities


You were on level 2 of the Dungeon.
You were not hungry.

You visited 1 branch of the dungeon, and saw 2 of its levels.

You collected 58 gold pieces.

Inventory:

Hand Weapons
 a - a +0 war axe (weapon)
Armour
 b - a +0 scale mail (worn)
 c - a +0 shield (worn)
Jewellery
 k - a cursed ring of attention {unknown}
Scrolls
 e - 4 scrolls of blinking {unknown}
 h - 7 scrolls of identify {unknown}
 i - a scroll of remove curse {unknown}
 l - a scroll of enchant armour {unknown}
 m - a scroll of amnesia {unknown}
 p - a scroll of enchant weapon {unknown}
Potions
 d - 2 potions of might
 g - a potion of flight {unknown}
 j - a potion of heal wounds {unknown}
 n - a potion of berserk rage {unknown}
 o - 2 potions of curing {unknown}
 q - a potion of lignification {unknown}
Comestibles
 f - 5 rations


   Skills:
 + Level 4.0(1.2) Fighting
 * Level 3.7(0.9) Axes
 + Level 3.6(0.9) Armour
 * Level 4.0(1.2) Shields


You had 2 spell levels left.
You didn't know any spells.
Your spell library was empty.

Dungeon Overview and Level Annotations

Branches:
Dungeon (2/15)

Altars:

Annotations:
D:2 Jessica


Message History

Jessica hits you. The bat hits you but does no damage.
Jessica casts a spell at you. Pain shoots through your body!
* * * LOW HITPOINT WARNING * * *
You closely miss Jessica.
Jessica is almost dead.
You miss the bat. The bat hits you but does no damage.
Jessica hits you but does no damage. Jessica hits you.
* * * LOW HITPOINT WARNING * * *
Jessica hits you but does no damage.
You closely miss Jessica.
Jessica is almost dead.
You block the bat's attack. Jessica hits you.
* * * LOW HITPOINT WARNING * * *
Jessica hits you but does no damage.
You closely miss Jessica.
Jessica is severely wounded.
Jessica points at you and mumbles some strange words.
Pain shoots through your body!
You die...

..........)..
............
#...........
#####.....)...##
...............#
...............#.
............##...
.................
........@........
......#b@##......
#####............
#.....#.####.##
#######.....#.# .
............#)######
.....................
..........#..........
...........<.........


You could see Jessica and a bat.

Vanquished Creatures
  An adder (D:2)
  5 dart slugs
  A leopard gecko (D:1)
  A ball python (D:2)
  3 bats
  A giant cockroach (D:2)
  4 goblins
  6 hobgoblins
  A jackal (D:1)
  3 frilled lizards (D:1)
  2 kobolds (D:1)
  5 rats (D:1)
33 creatures vanquished.

Notes
Turn   | Place    | Note
-------+----------+-------------------------------------------
     0 | D:1      | Darkshadow the Hill Orc Fighter began the quest for the
                  | Orb.
     0 | D:1      | Reached XP level 1. HP: 19/19 MP: 1/1
   181 | D:1      | Reached XP level 2. HP: 27/27 MP: 2/2
   627 | D:1      | Reached XP level 3. HP: 25/33 MP: 3/3
  1177 | D:2      | Noticed Jessica
  1193 | D:2      | HP: 1/33 [Jessica (1)]
  1194 | D:2      | Killed from afar by Jessica

Levels and vault maps discovered:
D:1:      dpeg_cavernosity, layout_rooms
D:2:      layout_basic, uniq_jessica

Skill      XL: |  1  2  3 |
---------------+----------+-----
Axes           | 3 |  3.7
Fighting       | 4 |  4.0
Shields        | 4 |  4.0
Armour         | |  3.6

Action                   || total
-------------------------++-------
Melee: War axe           ||   128
  Eat: Chunk             ||     1
Armor: Scale mail        ||    79
Dodge: Dodged            ||    42
Block: Shield            ||    74

Table legend:
 A = Non-vault XP
 B = Vault XP
 C = Vault XP percentage of total XP
 D = Non-vault monster count
 E = Vault monster count
 F = Vault count percentage of total count
                 A         B        C        D         E       F
            +---------+---------+-------+---------+---------+-------
      Total |      70 |       6 |   7.9 |      29 |       4 |  12.1
            +---------+---------+-------+---------+---------+-------
        D:1 |      38 |       6 |  13.6 |      20 |       4 |  16.7
        D:2 |      32 |       0 |   0.0 |       9 |       0 |   0.0
            +---------+---------+-------+---------+---------+-------
